 Dungeon Crawl Stone Soup version 0.18.1-8-gdd0e5ea (webtiles) character file.

327 juanjsm the Insei (level 6, -11/38 HPs)
             Began as an Octopode Transmuter on June 7, 2016.
             Mangled by an ogre
             ... wielding a +0 giant spiked club
              (20 damage)
             ... on level 4 of the Dungeon.
             The game lasted 00:13:26 (3076 turns).

juanjsm the Insei (Octopode Transmuter)             Turns: 3076, Time: 00:13:27

Health: -11/38     AC:  1    Str: 10    XL:     6   Next: 50%
Magic:  10/10      EV: 13    Int: 17    God:
Gold:   151        SH:  0    Dex: 12    Spells: 3 memorised, 5 levels left

rFire  . . .     SeeInvis .       - Unarmed
rCold  . . .     Gourm    .     (no shield)
rNeg   . . .     Faith    +     (helmet restricted)
rPois  .         Spirit   .     B - amulet of faith
rElec  .         Dismiss  .     (no ring)
rCorr  .         Reflect  .     (no ring)
SustAt .         Harm     .     (no ring)
MR     .....                    (no ring)
Stlth  ++++......               (no ring)
                                (no ring)
                                (no ring)
                                (no ring)

@: appendage, not resistant to hostile enchantments, stealthy
A: almost no armour, amphibious, 8 rings, constrict 8, tentacle spike 3,
camouflage 1, gelatinous body 1
a: End Transformation


You were on level 4 of the Dungeon.
You were not hungry.
One of your tentacles had a temporary spike.
You visited 1 branch of the dungeon, and saw 5 of its levels.

You collected 151 gold pieces.

Inventory:

Hand Weapons
 s - a +2 whip of electrocution
Missiles
 a - 38 arrows
 l - 76 sling bullets
 A - 15 poisoned needles
Jewellery
 B - an amulet of faith (around mantle)
Scrolls
 d - 3 scrolls of recharging
 e - a scroll of amnesia {unknown}
 f - 2 scrolls of fear {unknown}
 h - 2 scrolls of enchant armour {unknown}
 m - 4 scrolls of remove curse {unknown}
 r - a scroll of random uselessness {unknown}
 u - a scroll of enchant weapon {unknown}
 w - a scroll of magic mapping {unknown}
 x - 2 scrolls of identify {unknown}
Potions
 g - a potion of curing {unknown}
 i - a potion of cancellation {unknown}
 j - a potion of lignification {unknown}
 n - 3 potions of mutation {unknown}
 o - a potion of brilliance {unknown}
 p - 2 potions of flight {unknown}
 t - a potion of haste {unknown}
 z - a potion of degeneration {unknown}
Books
 b - a book of Changes

   Spells                             Type                      Level
   a - Beastly Appendage              Transmutation                1
   b - Sticks to Snakes               Transmutation                2
   c - Spider Form                    Transmutation/Poison         3
   d - Ice Form                       Ice/Transmutation            4
   e - Blade Hands                    Transmutation                5
 y - a book of the Earth

   Spells                             Type                      Level
   a - Leda's Liquefaction            Hexes/Earth                  4
   b - Bolt of Magma                  Conjuration/Fire/Earth       5
   c - Statue Form                    Transmutation/Earth          6
   d - Iron Shot                      Conjuration/Earth            6
   e - Shatter                        Earth                        9
Comestibles
 c - 2 bread rations
 k - 5 fruits
 q - a beef jerky
 v - a meat ration


   Skills:
 + Level 1.4 Fighting
 + Level 3.0 Dodging
 + Level 2.7 Stealth
 + Level 4.2 Unarmed Combat
 + Level 3.2 Spellcasting
 * Level 3.7 Transmutations
 + Level 0.8 Poison Magic


You had 5 spell levels left.
You knew the following spells:

 Your Spells              Type           Power        Failure   Level  Hunger
a - Beastly Appendage     Trmt           ###...       3%          1    None
b - Sticks to Snakes      Trmt           ###.....     6%          2    ##.....
c - Spider Form           Trmt/Pois      ##........   21%         3    ###....


Dungeon Overview and Level Annotations

Branches:
Dungeon (5/15)
 Temple: D:4-7

Altars:
Cheibriados
Makhleb
Nemelex Xobeh
Qazlal
Trog
Vehumet


Innate Abilities, Weirdness & Mutations

You cannot wear most types of armour.
You are amphibious.
You can wear up to eight rings at the same time.
You can use your tentacles to constrict eight enemies at once.
Your skin changes colour to match your surroundings (Stealth).
Your rubbery body absorbs attacks (AC +1).
One of your tentacles bears a large vicious spike.


Message History

The ogre is moderately wounded.
You barely miss the ogre.
You pierce the ogre.
The ogre is moderately wounded.
The ogre barely misses you.
You tentacle-slap the ogre.
You pierce the ogre.
The ogre is heavily wounded.
The ogre hits you with a giant spiked club!!
Ouch! That really hurt!
* * * LOW HITPOINT WARNING * * *
You are too injured to fight recklessly!
Casting: Beastly Appendage
Confirm with . or Enter, or press ? or * to list all spells.
You would drown in your new form.
You tentacle-slap the ogre.
You pierce the ogre.
The ogre is severely wounded.
You tentacle-slap the ogre.
The ogre is almost dead.
The ogre hits you with a giant spiked club!!
Ouch! That really hurt!
You die...

♣≈≈≈♣ ♣≈.≈♣ ♣≈.≈♣ ♣≈..##..
≈♣♣♣≈.≈♣♣♣≈≈≈♣♣♣≈≈≈♣
♣≈......
.≈≈≈≈≈≈≈≈≈≈≈≈≈≈≈≈≈.≈≈
≈≈≈###..
≈..≈≈.≈.≈.≈≈≈≈≈.≈≈... ≈..#
#.. ≈≈≈≈≈≈≈≈≈≈≈≈≈≈≈≈≈≈.≈≈≈
≈.###..
≈≈♣♣♣≈≈≈♣♣♣≈≈≈♣♣♣≈≈≈♣♣ #....
≈≈ ♣≈.≈♣ ♣≈.≈♣ ≈♣ #....
♣≈.≈♣♣♣≈O≈♣♣♣≈≈≈♣♣♣ #....
≈≈≈≈≈≈≈≈≈.@≈≈≈≈.≈≈≈≈≈ #...
≈≈...≈≈.≈≈≈≈.≈≈..≈≈≈≈≈≈##...
≈≈≈≈.≈≈≈≈≈.≈≈≈≈≈.≈≈≈≈≈......
♣≈≈≈♣♣♣≈$≈♣♣♣≈.≈♣♣♣≈......
♣≈.≈ ♣≈.≈♣ ≈.≈♣ ♣≈≈####. ♣≈≈
♣≈≈≈♣ .≈♣ ♣≈≈ ## ≈≈ ≈≈≈≈≈
≈≈≈≈≈ # ...≈≈. ≈≈≈≈≈ . ≈≈≈≈
##


You could see an ogre.

Vanquished Creatures
  An ogre (D:4)
  A scorpion (D:4)
  3 orc wizards
  An adder (D:2)
  2 oozes
  A worm (D:3)
  2 dart slugs
  A giant gecko (D:1)
  9 orcs
  A ball python (D:3)
  6 bats
  3 giant cockroaches
  3 goblins
  6 hobgoblins
  9 kobolds
  3 giant newts (D:2)
  3 rats
55 creatures vanquished.

Vanquished Creatures (collateral kills)
  A hound (D:3)
1 creature vanquished.

Grand Total: 56 creatures vanquished

Notes
Turn   | Place    | Note
--------------------------------------------------------------
     0 | D:1      | juanjsm the Octopode Transmuter began the quest for the Orb.
     0 | D:1      | Reached XP level 1. HP: 13/13 MP: 3/3
   440 | D:1      | Reached XP level 2. HP: 10/18 MP: 3/5
   444 | D:1      | Learned a level 2 spell: Sticks to Snakes
   925 | D:2      | Reached XP level 3. HP: 23/23 MP: 4/6
   930 | D:2      | Learned a level 3 spell: Spider Form
  1105 | D:3      | Reached skill level 1 in Stealth
  1123 | D:2      | Found a snail-covered altar of Cheibriados.
  1123 | D:2      | Found a burning altar of Makhleb.
  1126 | D:2      | Found a radiant altar of Vehumet.
  1160 | D:2      | Found a stormy altar of Qazlal.
  1163 | D:2      | Found a bloodstained altar of Trog.
  1646 | D:3      | Reached XP level 4. HP: 28/28 MP: 5/7
  1667 | D:3      | Found a burning altar of Makhleb.
  1819 | D:4      | Reached XP level 5. HP: 33/33 MP: 6/9
  2029 | D:3      | Found a sparkling altar of Nemelex Xobeh.
  2573 | D:5      | Entered Level 5 of the Dungeon
  2620 | D:4      | Noticed an ogre
  2631 | D:4      | Killed an ogre
  2631 | D:4      | Reached skill level 4 in Unarmed Combat
  2631 | D:4      | Reached XP level 6. HP: 11/38 MP: 1/10
  3076 | D:4      | Mangled by an ogre

Skill      XL: |  1  2  3  4  5  6 |
---------------+-------------------+-----
Stealth        | 1 2 |  2.7
Transmutations | 3 |  3.7
Unarmed Combat | 4 |  4.2
Spellcasting   | 3 |  3.2
Dodging        | 3 |  3.0
Fighting       | |  1.4
Poison Magic   | |  0.8

Action                   |  1- 3 |  4- 6 || total
-------------------------+-------+-------++-------
Melee: Unarmed           |    72 |    79 ||   151
       Constrict         |    16 |     7 ||    23
       Tentacles         |    10 |     5 ||    15
       Kick              |    11 |    12 ||    23
       Punch             |     3 |       ||     3
 Cast: Beastly Appendage |    19 |    11 ||    30
       Sticks to Snakes  |     1 |     1 ||     2
       Spider Form       |       |     5 ||     5
  Use: Scroll            |       |     1 ||     1
 Stab: Sleeping          |     4 |     2 ||     6
  Eat: Chunk             |     3 |     5 ||     8
Armor: Skin              |     6 |     6 ||    12
Dodge: Dodged            |    44 |    60 ||   104
